AoeStats
← Infadel

Arabia

509771174Analyzed
1v1 RM · 4d ago on Sep 28, 2026· 33m 27s· 2 players
Game mode
Random Map
Map size
Tiny (2 player)
Population
200
Speed
Normal
Resources
Standard
Victory
Conquest
Starting age
Dark Age
Ending age
Imperial Age
RankedLock teamsTeams togetherTeam positionsShared explorationLock speedFull tech treeHidden civsTurbo modeCheats
Victory
Defeat
🇮🇳 Malians · India
1135
+15
🇧🇪 Malians · Belgium
1120
-15
papatheocari
2:10 Loom
10:12 Feudal Age
10:26 Man-at-Arms
11:28 Double-Bit Axe
19:13 Fletching
19:44 Horse Collar
24:22 Castle Age
27:27 Crossbowman
30:51 Pikeman
Infadel
7:13 Loom
9:44 Feudal Age
10:19 Double-Bit Axe
17:09 Forging
24:08 Castle Age
22:23 Scale Barding Armor
22:37 Gold Mining
23:09 Bloodlines
24:17 Light Cavalry
25:37 Iron Casting
25:58 Bow Saw
29:46 Wheelbarrow
28:57 Town Watch
32:18 Scale Mail Armor
32:33 Stone Mining
34:06 Hand Cart
Connection lost

Rejoining the realm…

Still unreachable

The connection could not be restored.

Session expired

The server has moved on; the page needs a fresh start.